 Dungeon Crawl Stone Soup version 0.29-a0-887-gcbe080d7e0 (webtiles) character file.

Game seed: 5558405496346192835

5359 Bnni the Covert (level 10, 0/79 HPs)
             Began as a Demonspawn Gladiator on July 21, 2022.
             Was an Elder of Okawaru.
             Slain by a yak (14 damage)
             ... on level 10 of the Dungeon.
             The game lasted 00:29:35 (10673 turns).

Bnni the Covert (Demonspawn Gladiator)             Turns: 10673, Time: 00:29:36

Health: 0/79       AC:  7    Str: 14    XL:     10   Next: 39%
Magic:  10/11      EV: 13    Int: 10    God:    Okawaru [****..]
Gold:   353        SH:  0    Dex: 19    Spells: 9/9 levels left

rFire   . . .      SeeInvis .   L - +5 rapier (venom)
rCold   + + .      Faith    .   (no shield)
rNeg    . . .      Spirit   .   s - +2 robe {rC+}
rPois   .          Reflect  .   (helmet restricted)
rElec   .          Harm     .   I - +0 cloak
rCorr   .          Rampage  .   (no gloves)
Will    .....                   (no boots)
Stlth   ++++......              (no amulet)
HPRegen 0.23/turn               m - ring of protection from cold
MPRegen 0.12/turn               (no ring)

@: no status effects
A: horns 1, thin metallic scales 1, demonic magic 1
a: Renounce Religion, Heroism, Finesse


You were on level 10 of the Dungeon.
You worshipped Okawaru.
Okawaru was greatly pleased with you.
You visited 2 branches of the dungeon, and saw 11 of its levels.

You collected 521 gold pieces.
You spent 168 gold pieces at shops.

Inventory:

Hand Weapons
 a - a +0 arbalest
 d - a +2 dagger of freezing
 G - a +1 scimitar of flaming
 L - a +5 rapier of venom (weapon)
Missiles
 e - a javelin
 k - 21 poisoned darts (quivered)
 q - a throwing net
 x - 4 silver boomerangs
 H - 3 curare-tipped darts
Armour
 s - a +2 robe of cold resistance (worn)
 I - a +0 cloak (worn)
Jewellery
 m - a ring of protection from cold (left hand)
Wands
 b - a wand of paralysis (9)
 y - a wand of iceblast (10)
 E - a wand of quicksilver (4)
 F - a wand of mindburst (16)
Scrolls
 l - a scroll of butterflies {unknown}
 n - 2 scrolls of enchant weapon
 o - 3 scrolls of teleportation
 p - 2 scrolls of amnesia {unknown}
 u - a scroll of vulnerability {unknown}
 w - a scroll of summoning {unknown}
 A - 3 scrolls of fear {unknown}
 B - a scroll of noise {unknown}
 C - a scroll of blinking {unknown}
 D - 2 scrolls of poison {unknown}
 J - a scroll of immolation {unknown}
Potions
 c - a potion of resistance {unknown}
 f - 3 potions of brilliance {unknown}
 g - a potion of invisibility
 h - 4 potions of mutation
 i - 3 potions of magic
 j - 3 potions of flight
 r - a potion of haste
 t - 3 potions of lignification
 v - 3 potions of degeneration {unknown}
 z - 2 potions of might {unknown}


   Skills:
 + Level 7.4 Fighting
 * Level 6.7(8.1) Short Blades
 - Level 7.0(8.2) Long Blades
 - Level 1.7 Throwing
 - Level 2.6 Dodging
 * Level 9.1 Stealth
 + Level 1.4 Invocations


You had 9 spell levels left.
You didn't know any spells.
Your spell library contained the following spells:

 Spells                   Type           Power      Damage    Failure   Level
 Ignite Poison            Fire/Tmut/Pois 0%         N/A       75%         3
 Mephitic Cloud           Conj/Pois/Air  0%         N/A       75%         3
 Ozocubu's Armour         Ice            0%         N/A       75%         3
 Freezing Cloud           Conj/Ice/Air   0%         6-21      100%        5
 Orb of Destruction       Conj           0%         9d5       100%        7
 Ozocubu's Refrigeration  Ice            0%         4d5       100%        7
 Summon Guardian Golem    Hex/Summ       Unusable   N/A       N/A         3
 Spellforged Servitor     Conj/Summ      Unusable   N/A       N/A         7

Dungeon Overview and Level Annotations

Branches:
Dungeon (10/15)            Temple (1/1) D:5
   Lair: D:8-11         Orc: D:9-12

Altars:
Ashenzari
Cheibriados
Dithmenos
Fedhas
Gozag
Hepliaklqana
Kikubaaqudgha
Makhleb
Nemelex Xobeh
Okawaru
Qazlal
Ru
Sif Muna
Trog
Uskayaw
Vehumet
Wu Jian
Xom
Yredelemnul

Shops:
D:2 =   D:6 :((

Annotations:
D:9 exclusion: obsidian statue, Peppero's ghost, novice GnCj


Innate Abilities, Weirdness & Mutations

You have a pair of small horns on your head.
You are partially covered in thin metallic scales. (AC +2)
Spells you cast may paralyse adjacent enemies.


Message History

Your Invocations skill increases to level 1!
x - 4 silver boomerangs The yak barely misses you.
You puncture the yak!
The yak is poisoned.
The yak is moderately wounded.
The yak gores you!
You completely miss the yak.
The yak is moderately wounded.
The yak gores you!
You hit the yak.
The yak is heavily wounded.
The yak gores you!
You hit the yak but do no damage.
The yak looks as sick as possible!
The yak is heavily wounded.
You barely miss the yak.
The yak is heavily wounded.
The yak gores you!
You are too injured to fight recklessly!
You hit the yak.
The yak looks as sick as possible!
The yak is heavily wounded.
The yak barely misses you.
You completely miss the yak.
The yak is heavily wounded.
The yak gores you!
You puncture the yak!
The yak looks as sick as possible!
The yak is almost dead.
You kill the yak!
Okawaru accepts your kill.
You hit the yak.
The yak is poisoned.
The yak is lightly wounded.
You fail to use your ability.
The yak gores you!
* * * LOW HITPOINT WARNING * * *
You puncture the yak!
The yak is moderately wounded.
The yak closely misses you.
You hit the yak.
The yak looks as sick as possible!
You headbutt the yak, but do no damage.
The yak is moderately wounded.
The yak gores you!
You die...

.# ####.## ####+###
....... #......# .......
#......# .......
#......#######.......
#......'..@YY#.......
######......#####.........
##....'......# ###.......
...####......# .......
#### #......# .......
#....>.# ....... #......#
....... ######## #######


You could see 2 yaks.

Vanquished Creatures
  Erica (D:9)
  A manticore (D:8)
  An ice statue (D:9)
  A queen bee (D:9)
  A troll (D:9)
  2 hornets
  2 wyverns (D:9)
  3 yaks (D:10)
  A water moccasin (D:9)
  An orc warrior (D:8)
  2 sky beasts
  An ice beast (D:7)
  2 centaurs
  2 ogres
  A phantom (D:5)
  2 necrophages
  A kobold brigand (D:9)
  5 wights
  6 killer bees (D:9)
  A howler monkey (D:5)
  A crimson imp (D:6)
  5 hounds
  2 jellies (D:7)
  5 orc priests
  Jessica (D:2)
  An iguana (D:5)
  5 orc wizards
  Robin (D:4)
  4 adders
  4 gnolls (D:6)
  A shadow imp (D:6)
  5 white imps
  2 ufetubi
  A worm (D:3)
  4 dart slugs
  32 orcs
  3 bats (D:2)
  10 endoplasms
  3 giant cockroaches
  20 goblins
  9 hobgoblins
  14 jackals
  2 quokkas (D:3)
  8 ball pythons
  6 frilled lizards
  3 goblin skeletons (D:6)
  A goblin zombie (D:6)
  3 hobgoblin zombies (D:6)
  11 kobolds
  3 kobold zombies (D:6)
  An orc skeleton (D:6)
  An orc zombie (D:6)
  7 rats
  A spectral goblin (D:3)
  A butterfly (D:9)
218 creatures vanquished.

Vanquished Creatures (others)
  An orc wizard (D:6)
1 creature vanquished.

Grand Total: 219 creatures vanquished

Notes
Turn   | Place    | Note
-------+----------+-------------------------------------------
     0 | D:1      | Bnni the Demonspawn Gladiator began the quest for the Orb.
     0 | D:1      | Reached XP level 1. HP: 16/16 MP: 1/1
   218 | D:1      | Gained mutation: You have a pair of small horns on your
                  | head. [demonic ancestry]
   218 | D:1      | Reached XP level 2. HP: 22/22 MP: 2/2
   528 | D:1      | Gained mutation: You are partially covered in thin metallic
                  | scales. (AC +2) [demonic ancestry]
   528 | D:1      | Reached XP level 3. HP: 16/28 MP: 3/3
   971 | D:2      | Found Wieli's Jewellery Shoppe.
  1405 | D:2      | Noticed Jessica
  1410 | D:2      | Killed Jessica
  1411 | D:2      | Reached XP level 4. HP: 24/35 MP: 4/4
  1792 | D:3      | Found a faded altar of an unknown god.
  2559 | D:4      | Gained mutation: Spells you cast may paralyse adjacent
                  | enemies. [demonic ancestry]
  2559 | D:4      | Reached XP level 5. HP: 39/41 MP: 5/5
  2598 | D:4      | Noticed an ogre
  2611 | D:4      | Killed an ogre
  2612 | D:4      | Reached skill level 5 in Long Blades
  2612 | D:4      | Reached skill level 1 in Stealth
  2749 | D:4      | Found a snail-covered altar of Cheibriados.
  2893 | D:4      | Reached XP level 6. HP: 48/48 MP: 6/6
  2923 | D:4      | Noticed Robin
  2937 | D:4      | Killed Robin
  3195 | D:5      | Entered Level 5 of the Dungeon
  3325 | D:5      | Reached skill level 2 in Stealth
  3496 | D:5      | Found a staircase to the Ecumenical Temple.
  3504 | Temple   | Entered the Ecumenical Temple
  3504 | Temple   | Found a transporter.
  3504 | Temple   | Found a transporter.
  3506 | Temple   | Found a transporter.
  3506 | Temple   | Found a transporter.
  3542 | Temple   | Became a worshipper of Warmaster Okawaru
  3772 | D:5      | Reached XP level 7. HP: 49/54 MP: 7/7
  3861 | D:5      | Found a shadowy altar of Dithmenos.
  3895 | D:5      | Reached skill level 3 in Stealth
  4172 | D:6      | Found Qiyruroo's Book Shoppe.
  4757 | D:5      | Reached * piety under Okawaru
  5313 | D:6      | Reached skill level 4 in Stealth
  5504 | D:6      | Identified the +6 hand axe "Dunu" {venom, Str+2}
  5551 | D:5      | Reached XP level 8. HP: 41/61 MP: 8/8
  5743 | D:5      | Reached skill level 5 in Fighting
  5752 | D:5      | HP: 3/62 [orc wizard/+0 club (5)]
  5754 | D:5      | HP: 1/62 [orc wizard/+0 club (2)]
  6067 | D:6      | Found Molonloa's Weapon Shop.
  6271 | D:6      | Reached skill level 5 in Stealth
  6481 | D:6      | Found Feach's Antique Weapon Boutique.
  6494 | D:6      | Bought a runed rapier for 168 gold pieces
  6705 | D:7      | Found a burning altar of Makhleb.
  6869 | D:7      | Found a radiant altar of Vehumet.
  6943 | D:7      | Found a basalt altar of Yredelemnul.
  7193 | D:7      | Reached skill level 1 in Short Blades
  7482 | D:7      | Found a broken altar of Ashenzari.
  7498 | D:7      | Reached ** piety under Okawaru
  7499 | D:7      | Reached skill level 6 in Stealth
  7851 | D:8      | Noticed a hornet
  7859 | D:8      | Killed a hornet
  7860 | D:8      | Reached XP level 9. HP: 58/69 MP: 9/9
  7862 | D:8      | Noticed a manticore
  7920 | D:8      | HP: 3/69 [orc warrior/+0 trident (11)]
  8343 | D:8      | Found an ancient bone altar of Kikubaaqudgha.
  8489 | D:8      | Killed a manticore
  8490 | D:8      | Reached skill level 7 in Stealth
  8604 | D:9      | Found a shimmering altar of Xom.
  8848 | D:9      | Noticed a troll
  8856 | D:9      | Killed a troll
  9027 | D:9      | Reached *** piety under Okawaru
  9174 | D:9      | Noticed an ice statue
  9204 | D:9      | Killed an ice statue
  9205 | D:9      | Reached skill level 5 in Short Blades
  9447 | D:9      | Noticed an obsidian statue
  9456 | D:9      | Noticed Erica
  9466 | D:9      | Reached skill level 8 in Stealth
  9474 | D:9      | Killed Erica
  9474 | D:9      | Reached **** piety under Okawaru
  9475 | D:9      | Reached XP level 10. HP: 14/79 MP: 10/10
  9973 | D:9      | Found a transporter.
  9977 | D:9      | Found a transporter.
  9978 | D:9      | Noticed Peppero's ghost (novice GnCj)
  9999 | D:9      | Paralysed by a hornet for 2 turns
 10494 | D:10     | Entered Level 10 of the Dungeon
 10588 | D:10     | Reached skill level 9 in Stealth
 10660 | D:10     | Received a gift from Okawaru
 10661 | D:10     | Reached skill level 1 in Invocations
 10673 | D:10     | Slain by a yak

Illustrated notes

Levels and vault maps discovered:
D:1:      minmay_arrival_semitransparent, layout_loops_ring, serial_aquarium,
          aquarium_bridge_straight [aquarium_subvault_bridge,
          aquarium_subvault_wall, aquarium_subvault_bridge,
          aquarium_subvault_wall], aquarium_bridge_long_separate
          [aquarium_subvault_window, aquarium_subvault_wall,
          aquarium_subvault_bridge, aquarium_subvault_window,
          aquarium_subvault_bridge, aquarium_subvault_bridge],
          aquarium_window_1, aquarium_window_1, aquarium_view_2d,
          aquarium_pool_1
D:2:      layout_basic, serial_shops, nicolae_shop_hallway_stairs, uniq_jessica
D:3:      layout_basic, dreamdust_ecumenical_altar_drowned_temple
D:4:      kennysheep_goblin_castle, layout_basic, cheibriados_altar_1
D:5:      layout_basic, gammafunk_temple_overflow_wave,
          minmay_temple_entry_arrows
D:6:      layout_rooms, nicolae_tso_besieged_by_evil, serial_shops,
          nicolae_shop_bloodbath_and_beyond,
          nicolae_shop_temple_entry_statues_fountains, nicolae_shop_crystal
D:7:      layout_basic, lightli_temple_of_fire, vehumet_crystals,
          lemuel_tele_altar, evilmike_ruin_ashenzari, grunt_tough_drop
D:8:      layout_basic, mainiacjoe_overflow_catwalk,
          mainiacjoe_overflow_concentric_impassable
D:9:      minmay_separated_statues, layout_cave_pools, xom_butterflies,
          gammafunk_ghost_hive, uniq_erica
D:10:     layout_roguey, david_orc_2
Temple:   hellmonk_temple_divided_pantheon

Skill      XL: |  1  2  3  4  5  6  7  8  9 10 |
---------------+-------------------------------+-----
Long Blades    | 3 4 5 6 7 |  7.0
Fighting       | 3 4 5 7 |  7.4
Stealth        | 1 2 4 6 8 9 |  9.1
Short Blades   | 3 5 6 |  6.7
Invocations    | 1 |  1.4
Throwing       | |  1.7
Dodging        | |  2.6

Action                   |  1- 3 |  4- 6 |  7- 9 | 10-12 || total
-------------------------+-------+-------+-------+-------++-------
Melee: Long sword        |    93 |    66 |    66 |       ||   225
       Headbutt          |    10 |    42 |    88 |    12 ||   152
       Dagger            |       |   135 |   134 |       ||   269
       Punch             |       |     4 |     5 |     1 ||    10
       Rapier            |       |       |   168 |    65 ||   233
       Hand axe          |       |       |    14 |       ||    14
       Scimitar          |       |       |       |     7 ||     7
 Fire: Sling             |       |     2 |     2 |       ||     4
Throw: Throwing net      |       |     1 |     3 |       ||     4
       Dart              |       |       |    10 |       ||    10
       Javelin           |       |       |     1 |       ||     1
Invok: Heroism           |       |       |     3 |     2 ||     5
Evoke: Wand              |       |       |       |     2 ||     2
  Use: Scroll            |       |     4 |     7 |     1 ||    12
       Potion            |       |       |     8 |     5 ||    13
 Stab: Sleeping          |     2 |     7 |     5 |     2 ||    16
       Distracted        |       |       |     2 |       ||     2
Armor: Leather armour    |    29 |       |       |       ||    29
       Robe              |       |    44 |   108 |    12 ||   164
Dodge: Dodged            |    62 |   145 |   205 |    30 ||   442

Table legend: (Time is in decaauts)
 A = Elapsed time spent in this place.
 B = Non-inter-level travel time spent in this place.
 C = Inter-level travel time spent in this place.
 D = Time resting spent in this place.
 E = Time spent auto-exploring this place.
 F = Levels seen in this place.
 G = Mean time per level.
                   A        B        C        D        E       F      G
               +--------+--------+--------+--------+--------+-----+--------+
         Total |  10633 |  10358 |    275 |   3301 |   5015 |  11 |  966.6 |
       Dungeon |  10574 |  10318 |    256 |   3301 |   5015 |  10 | 1057.4 |
        Temple |     58 |     39 |     19 |      0 |      0 |   1 |   58.0 |
               +--------+--------+--------+--------+--------+-----+--------+

Top non-repeatable levels by time:
     D:5: 1909 daAuts
     D:9: 1614 daAuts
     D:7: 1458 daAuts
     D:6: 1424 daAuts
     D:1: 983 daAuts
     D:4: 835 daAuts
     D:3: 835 daAuts
     D:8: 767 daAuts
     D:2: 571 daAuts
    D:10: 174 daAuts
  Temple: 58 daAuts
